 Dungeon Crawl Stone Soup version 0.25.0-15-gac7dcb8 (webtiles) character file.

Game seed: 8816097116520938524

375 Icepheonix32 the Gusty (level 6, -2/34 HPs)
             Began as a Tengu Air Elementalist on June 28, 2020.
             Slain by a centaur zombie (4 damage)
             ... in an ossuary.
             The game lasted 00:09:51 (2970 turns).

Icepheonix32 the Gusty (Tengu Air Elementalist)     Turns: 2970, Time: 00:09:52

Health: -2/34      AC:  3    Str:  9    XL:     6   Next: 72%
Magic:  3/13       EV: 13    Int: 17    God:
Gold:   96         SH:  0    Dex: 14    Spells: 9/13 levels left

rFire    + . .     SeeInvis .   l - +0 halberd
rCold    . . .     Gourm    .   (shield currently unavailable)
rNeg     . . .     Faith    .   e - +0 leather armour {rF+}
rPois    .         Spirit   .   (helmet restricted)
rElec    .         Reflect  .   (no cloak)
rCorr    .         Harm     .   (no gloves)
MR       .....                  (boots unavailable)
Stlth    ++........             (no amulet)
HPRegen  0.11/turn              (no ring)
MPRegen  0.13/turn              (no ring)

@: marked
A: beak, talons 3, able to fly
a: Fly


You were in an ossuary.
You were hungry.

You visited 1 branch of the dungeon, and saw 3 of its levels.
You also visited: Ossuary.

You collected 96 gold pieces.

Inventory:

Hand Weapons
 d - a +0 dagger
 l - a +0 halberd (weapon)
Missiles
 f - 12 boomerangs
 h - 4 datura-tipped darts (quivered)
Armour
 e - a +0 leather armour of fire resistance (worn)
Jewellery
 b - an uncursed amulet of faith
Scrolls
 g - a scroll of amnesia
 o - a scroll of identify {unknown}
Comestibles
 c - 4 rations


   Skills:
 + Level 1.0 Fighting
 - Level 1.0 Short Blades
 + Level 1.6 Armour
 + Level 3.1 Dodging
 - Level 2.0 Stealth
 * Level 4.0 Spellcasting
 + Level 2.6 Conjurations
 * Level 6.4 Air Magic


You had 9 spell levels left.
You knew the following spells:

 Your Spells              Type           Power        Failure   Level  Hunger
a - Shock                 Conj/Air       ###.         3%          1    None
b - Static Discharge      Conj/Air       ###.....     10%         3    ###....

Your spell library contained the following spells:

 Spells                   Type           Power        Failure   Level  Hunger
 Swiftness                Chrm/Air       ##......     9%          2    ##.....
 Airstrike                Air            ####......   16%         4    ####...
 Lightning Bolt           Conj/Air       ###.......   67%         5    ######.


Dungeon Overview and Level Annotations

Branches:
Dungeon (2/15)            Ossuary (1/1)

Altars:


Innate Abilities, Weirdness & Mutations

You have a beak for a mouth.
You have claws for feet.
You can fly continuously.


Message History

The goblin zombie is severely damaged.
The zap hits the kobold zombie.
The kobold zombie is moderately damaged.
The zap misses the big kobold zombie.
The centaur zombie hits you.
* * * LOW HITPOINT WARNING * * *
Casting: Shock (safe; 3% risk of failure)
Confirm with . or Enter, or press ? or * to list all spells.
Aiming: Shock (safe; 3% risk of failure)
Press: ? - help, Shift-Dir - straight line, f/p - big kobold zombie
Aim: a big kobold zombie The zap hits the centaur zombie.
The centaur zombie is severely damaged.
The zap hits the goblin zombie.
You destroy the goblin zombie!
The zap hits the kobold zombie.
The kobold zombie is heavily damaged.
The zap hits the big kobold zombie.
The big kobold zombie is lightly damaged.
The zap misses the human zombie.
The centaur zombie hits you.
You die...

######################
#....................#
#....................#
#........8..8........#
#....@Z..ZZ..........#
#...######ZZ######...#
#...# #..# #...# #...#
#.Z# #...#
#...#.####ZZ####.#...#
#...#.Z...Z......#...#
#...#.....Z.####Z#...#
#...#.......# #...#
#...#.......# #...#


You could see a hobgoblin zombie, a kobold zombie, a big kobold zombie, a
centaur zombie and a human zombie.

Vanquished Creatures
  3 centaur zombies (Ossuary)
  An orc priest (D:4)
  An orc wizard (D:4)
  A big kobold zombie (Ossuary)
  2 mummies (Ossuary)
  3 gnolls (D:2)
  6 adders (D:2)
  2 dart slugs
  3 leopard geckos
  3 orcs (D:4)
  6 giant cockroaches
  4 goblins
  11 hobgoblins
  10 jackals
  5 kobolds
  3 bats
  4 frilled lizards (D:1)
  A goblin zombie (Ossuary)
  8 hobgoblin zombies (Ossuary)
  A jackal zombie (Ossuary)
  7 kobold zombies (Ossuary)
  7 orc zombies (Ossuary)
  9 rats
  A rat zombie (Ossuary)
102 creatures vanquished.

Notes
Turn   | Place    | Note
-------+----------+-------------------------------------------
     0 | D:1      | Icepheonix32 the Tengu Air Elementalist began the quest for
                  | the Orb.
     0 | D:1      | Reached XP level 1. HP: 10/10 MP: 4/4
   182 | D:1      | Reached XP level 2. HP: 12/15 MP: 6/6
   534 | D:1      | Reached skill level 5 in Air Magic
   749 | D:1      | Reached XP level 3. HP: 19/19 MP: 5/7
   817 | D:1      | Learned a level 3 spell: Static Discharge
  1654 | D:2      | Reached XP level 4. HP: 24/24 MP: 3/8
  2057 | D:2      | Reached skill level 1 in Armour
  2057 | D:2      | Gained mutation: You can fly continuously. [Tengu growth]
  2057 | D:2      | Reached XP level 5. HP: 28/28 MP: 7/10
  2062 | D:2      | Reached skill level 1 in Short Blades
  2533 | D:2      | You fall into a shaft and drop 2 floors!
  2566 | D:4      | Reached skill level 6 in Air Magic
  2712 | D:4      | Found a sand-covered staircase.
  2717 | Ossuary  | Entered an ossuary
  2831 | Ossuary  | Reached XP level 6. HP: 30/33 MP: 2/12
  2955 | Ossuary  | Reached skill level 1 in Fighting
  2970 | Ossuary  | Slain by a centaur zombie

Illustrated notes

Levels and vault maps discovered:
D:1:      lightli_molten_gateway, layout_basic
D:2:      kennysheep_big_flooded_room, layout_rooms, xom_teletrap_fun,
          minmay_fractal_squares_5
D:4:      layout_loops_ring, minmay_temple_entry_waves, enter_ossuary_2,
          first_ration
Ossuary:  ossuary_tomb_1

Skill      XL: |  1  2  3  4  5  6 |
---------------+-------------------+-----
Air Magic      | 5 6 |  6.4
Spellcasting   | 3 4 |  4.0
Armour         | 1 |  1.6
Short Blades   | 1 |  1.0
Conjurations   | 2 |  2.6
Dodging        | 3 |  3.1
Fighting       | 1 |  1.0
Stealth        | |  2.0

Action                   |  1- 3 |  4- 6 || total
-------------------------+-------+-------++-------
Melee: Unarmed           |    10 |       ||    10
       Dagger            |    32 |    49 ||    81
       Kick              |     8 |    24 ||    32
       Peck              |     8 |    14 ||    22
       Halberd           |       |    78 ||    78
 Cast: Shock             |    61 |    61 ||   122
       Static Discharge  |     2 |     8 ||    10
  Use: Potion            |       |     6 ||     6
       Scroll            |       |     2 ||     2
 Stab: Sleeping          |     2 |       ||     2
       Invisible         |       |     2 ||     2
  Eat: Chunk             |     3 |     5 ||     8
Armor: Robe              |     1 |       ||     1
       Leather armour    |     7 |    39 ||    46
       Skin              |       |    82 ||    82
Dodge: Dodged            |    45 |   100 ||   145
